 Dungeon Crawl Stone Soup version 0.27-a0-1312-g5cdb2b3542 (webtiles) character file.

Game seed: 5498119297927285026

118880 grindst0ne the Warrior (level 16, -6/99 (131) HPs)
             Began as a Palentonga Fighter on June 19, 2021.
             Was the Champion of Ru.
             Succumbed to a redback's poison
             ... on level 1 of the Spider Nest on June 20, 2021.
             The game lasted 00:47:00 (26271 turns).

grindst0ne the Warrior (Palentonga Fighter)        Turns: 26271, Time: 00:47:01

HP:   -6/99 (131)   AC: 16    Str: 32    XL:     16   Next: 26%
MP:   6/14          EV: 10    Int: 16    God:    Ru [******]
Gold: 816           SH:  0    Dex: 12    Spells: 13/15 levels left

rFire    + . .     SeeInvis +   R - +5 halberd of the Harvest {spect, +Blink rPois rC+}
rCold    + + .     Faith    .   (shield currently unavailable)
rNeg     + . .     Spirit   .   E - +5 chain mail of the Trout {rElec Str+8 Dex+2}
rPois    +         Reflect  .   A - +0 helmet
rElec    +         Harm     .   K - scarf {rC+ rF+}
rCorr    +         Rampage  .   h - +0 pair of gloves of Duck's Teeth {Will- Str+4 Int+3 SInv}
Will     +++..     Clarity  +   (no barding)
Stlth    ..........             O - amulet of the Four Winds {rN+ Will+++ Clar}
HPRegen  0.26/turn              l - ring of resist corrosion
MPRegen  0.14/turn              m - ring of poison resistance

@: lethally poisoned (-6 -> -98), exhausted, studying Dodging, heavily drained
A: large, rugged brown scales 3, see invisible, deformed body, dopey 1, frail 1,
low mp 1, inability to use devices, unskilled 1, roll 1, armoured tail,
reflexive curl
a: Rolling Charge, Renounce Religion, Draw Out Power, Power Leap, Apocalypse


You were on level 1 of the Spider Nest.
You worshipped Ru.
Ru was exalted by your worship.
You visited 4 branches of the dungeon, and saw 25 of its levels.
You also visited: Ice Cave.

You collected 3344 gold pieces.
You spent 2528 gold pieces at shops.

Inventory:

Hand Weapons
 H - a +2 battleaxe of freezing
 R - the +5 halberd of the Harvest (weapon) {spect, +Blink rPois rC+}
   (You found it on level 5 of the Lair of Beasts)

   When it strikes, its spirit leaps out and fights alongside the wielder.
   It protects you from cold.
   It protects you from poison.
   It lets you blink.
 S - a +3 scimitar of flaming
Missiles
 u - a curare-tipped dart
 G - 6 boomerangs of dispersal
 N - a throwing net (quivered)
Armour
 c - a +0 kite shield
 g - a +0 pair of gloves
 h - the +0 pair of gloves of Duck's Teeth (worn) {Will- Str+4 Int+3 SInv}
   (You found it on level 7 of the Dungeon)

   It affects your strength (+4).
   It affects your intelligence (+3).
   It lets you see invisible.
   It decreases your willpower.
 A - a +0 helmet (worn)
 E - the +5 chain mail of the Trout (worn) {rElec Str+8 Dex+2}
   (You found it on level 7 of the Dungeon)

   It affects your strength (+8).
   It affects your dexterity (+2).
   It insulates you from electricity.
 K - a scarf of resistance (worn)
 Z - +0 ice dragon scales
Jewellery
 e - a ring of protection from fire
 l - a ring of resist corrosion (left hand)
 m - a ring of poison resistance (right hand)
 p - a ring of protection from fire
 w - a ring of wizardry
 D - a ring of protection from cold
 O - the amulet of the Four Winds (around neck) {rN+ Will+++ Clar}
   (You bought it in a shop on level 2 of the Orcish Mines)

   [amulet of nothing]

   It protects you from negative energy.
   It protects you against confusion.
   It greatly increases your willpower.
 Q - a ring of flight
 T - a +6 ring of intelligence
 V - a ring of protection from cold
 Y - the ring "Mouh" {Fly rElec Int+3 Dex+2}
   (You bought it in a shop on level 2 of the Orcish Mines)

   [ring of flight]

   It affects your intelligence (+3).
   It affects your dexterity (+2).
   It insulates you from electricity.
   It grants you flight.
Scrolls
 a - a scroll of holy word
 b - 5 scrolls of amnesia
 d - 4 scrolls of magic mapping
 f - 7 scrolls of enchant armour
 k - 6 scrolls of blinking
 o - 9 scrolls of teleportation
 s - a scroll of torment
 t - 4 scrolls of fog
 y - 3 scrolls of enchant weapon
 B - 3 scrolls of fear
 I - 4 scrolls of immolation
Potions
 i - 3 potions of magic
 j - 6 potions of curing
 n - 4 potions of cancellation
 q - 4 potions of lignification
 r - 2 potions of brilliance {unknown}
 v - 6 potions of degeneration {unknown}
 x - 3 potions of mutation {unknown}
 C - 3 potions of invisibility
 F - a potion of flight
 J - 3 potions of haste
 L - 2 potions of ambrosia
 P - a potion of berserk rage
 U - 3 potions of might
Miscellaneous
 X - a lightning rod (4/4)


   Skills:
 + Level 15.1 Fighting
 + Level 15.0 Axes
 - Level 5.0 Armour
 + Level 10.1 Dodging
 - Level 9.8 Shields


You had 13 spell levels left.
You knew the following spells:

 Your Spells              Type           Power      Damage    Failure   Level
a - Blink                 Tloc           N/A        N/A       86%         2

Your spell library contained the following spells:

 Spells                   Type           Power      Damage    Failure   Level
 Animate Skeleton         Necr           0%         N/A       73%         1
 Apportation              Tloc           0%         N/A       73%         1
 Beastly Appendage        Tmut           0%         N/A       73%         1
 Corona                   Hex            0%         N/A       73%         1
 Magic Dart               Conj           0%         1d3       73%         1
 Shock                    Conj/Air       0%         1d3       73%         1
 Summon Small Mammal      Summ           0%         N/A       73%         1
 Call Imp                 Summ           0%         N/A       86%         2
 Corpse Rot               Necr/Air       N/A        N/A       86%         2
 Searing Ray              Conj           0%         3d3       86%         2
 Slow                     Hex            0%         N/A       86%         2
 Static Discharge         Conj/Air       0%         N/A       86%         2
 Sublimation of Blood     Necr           0%         N/A       86%         2
 Wereblood                Tmut           0%         N/A       86%         2
 Call Canine Familiar     Summ           0%         N/A       97%         3
 Conjure Flame            Conj/Fire      0%         6-21      97%         3
 Dazzling Flash           Conj/Hex       0%         N/A       97%         3
 Mephitic Cloud           Conj/Pois/Air  0%         N/A       97%         3
 Spider Form              Tmut/Pois      0%         N/A       97%         3
 Summon Guardian Golem    Hex/Summ       0%         N/A       97%         3
 Swiftness                Air            0%         N/A       97%         3
 Airstrike                Air            0%         N/A       100%        4
 Dispel Undead            Necr           0%         3d6       100%        4
 Fulminant Prism          Conj/Hex       0%         3d6       100%        4
 Ice Form                 Ice/Tmut       0%         N/A       100%        4
 Iskenderun's Mystic Bla  Conj/Tloc      0%         2d3       100%        4
 Summon Ice Beast         Ice/Summ       0%         N/A       100%        4
 Summon Lightning Spire   Summ/Air       0%         N/A       100%        4
 Agony                    Necr           0%         N/A       100%        5
 Excruciating Wounds      Necr           0%         N/A       100%        5
 Lightning Bolt           Conj/Air       0%         1d11      100%        5
 Borgnjor's Revivificati  Necr           0%         N/A       100%        8
 Infestation              Necr           0%         N/A       100%        8
 Necromutation            Tmut/Necr      0%         N/A       100%        8
 Death's Door             Necr           0%         N/A       100%        9


Dungeon Overview and Level Annotations

Branches:
Dungeon (15/15)            Temple (0/1) D:7            Lair (6/6) D:10
 Shoals (0/4) Lair:3       Spider (2/4) Lair:4        Slime (0/5) Lair:5
    Orc (2/2) D:10            Elf (0/3) Orc:2        Vaults (0/5) D:14
 Depths (0/5) D:15          IceCv (visited)

Altars:
Ashenzari
Dithmenos
Elyvilon
Fedhas
Makhleb
Nemelex Xobeh
Okawaru
Ru
Sif Muna
Trog
Vehumet
Yredelemnul
Zin
The Shining One

Shops:
Orc:2 **(=[

Portals:
Hell: Lair:6


Innate Abilities, Weirdness & Mutations

You are completely covered in rugged brown scales. (AC +3, +7% HP)
You have supernaturally acute eyesight. (SInv)
Armour fits poorly on your strangely shaped body.
You are dopey. (Int -2)
You are frail. (-10% HP)
Your magical capacity is low. (-10% MP)
You cannot study or use magical devices.
You are somewhat unskilled. (-1 Apt)
You can roll at nearby foes to attack.
You have a long armoured tail.
You curl defensively after being hit.


Message History

The redback bites you but does no damage.
The demonic crawler barely misses you. x3; The redback bites you!
The redback bites you.
You are lethally poisoned!
The redback poisons you!
You barely miss the redback.
The redback is lightly wounded.
* * * LOW HITPOINT WARNING * * *
You feel extremely sick.
The demonic crawler is no longer blind.
The redback is stunned by your conviction and fails to attack.
The redback bites you but does no damage.
The redback is stunned by your conviction and fails to attack.
You redirect the demonic crawler's attack!
The demonic crawler hits the redback. x2; The demonic crawler hits the redback!
The redback bites you.
* * * LOW HITPOINT WARNING * * *
You are more poisoned.
The redback poisons you!
The redback bites you but does no damage.
You redirect the redback's attack!
The redback bites the redback.
You feel much better.
* * * LOW HITPOINT WARNING * * *
You feel extremely sick. The redback bites you.
* * * LOW HITPOINT WARNING * * *
The redback bites you but does no damage.
The demonic crawler hits you but does no damage.
The demonic crawler hits you.
* * * LOW HITPOINT WARNING * * *
The demonic crawler hits you but does no damage.
The redback bites you but does no damage. x2
The redback closely misses you. The redback bites you.
* * * LOW HITPOINT WARNING * * *
Okay, then.
You reveal the great annihilating truth to your foes!
You kill the redback! x5; You kill the demonic crawler!
You kill the redback! x2
You feel drained.
You die...

######################
###........#.......#^...
##.##......##......##...# #####
##...##............##.....
##...###.....#..#.#....##.#...#..
#.....#..#..##..#.##....####....#
..##..#..#...##.†..........###..#
.^.#.....#...(##.†..##.......#.^.
#.<##....#.....#@.†.#............
#...##...#....##..#.....^....##..
#.}..##(##...##....#......#......
##...######...#.........#........
###......#..##.......###......##
#........##..####.......#####.
##........##....##.....##^..##
#..###....##....##..###.....#
#....##.......#..####^...).##


There were no monsters in sight!

Vanquished Creatures
  Kirke (Lair:6)
  An orc warlord (Orc:2)
  An emperor scorpion (Spider:2)
  An entropy weaver (Spider:1)
  A white draconian (IceCv)
  Josephine (D:13)
  An ettin (Orc:1)
  4 boulder beetles
  Fannar (Lair:2)
  Harold (Lair:2)
  2 vault guards (D:14)
  10 hydras
  2 ice dragons (D:15)
  An anaconda (Lair:4)
  An ogre mage (Orc:2)
  4 centaur warriors
  2 catoblepae
  3 two-headed ogres
  6 death yaks
  A satyr (shapeshifter) (D:14)
  4 orc high priests (Orc:2)
  Urug (Lair:5)
  A tengu warrior (D:14)
  The ghost of Anon1729 the Martial Artist, a novice OpFi of Dithmenos (D:8)
  Nergalle (Lair:3)
  A sixfirhy (D:8)
  A deep troll (shapeshifter) (D:14)
  A wizard (Lair:6)
  A lindwurm (Lair:6)
  2 orb spiders (Spider:1)
  4 orc sorcerers
  3 orc knights (Orc:2)
  7 wolf spiders
  8 ugly things
  8 elephants
  An oklob plant (Lair:6)
  6 cyclopes
  3 manticores
  An ice statue (IceCv)
  2 gargoyles (D:12)
  8 black mambas
  12 cane toads
  An orange demon (Lair:6)
  An unseen horror (D:12)
  A kobold demonologist (D:10)
  5 rime drakes
  3 efreet (D:14)
  3 demonic crawlers (Spider:1)
  A hellwing (Lair:6)
  10 komodo dragons
  3 ice devils (Lair:6)
  A queen bee (Lair:1)
  A red devil (Lair:6)
  5 trolls
  11 jumping spiders
  A hornet (D:8)
  16 polar bears
  A hornet (shapeshifter) (D:14)
  11 blink frogs
  A wolf spider simulacrum (D:14)
  18 dream sheep
  20 slime creatures
  7 tarantellas
  A shadow (D:9)
  79 yaks
  24 redbacks
  A vampire (D:10)
  4 wraiths
  3 wyverns
  5 hogs (Lair:6)
  8 basilisks
  2 steam dragons
  4 vampire mosquitoes
  A warg (Orc:2)
  4 hell hounds (Lair:6)
  19 water moccasins
  2 acid dragons
  35 orc warriors
  An ice beast (D:5)
  4 necrophages
  A black bear (Lair:2)
  12 ogres
  34 wolves
  9 centaurs
  2 kobold brigands
  A spectral wyvern (D:8)
  11 bullfrogs
  2 gnoll sergeants
  A scorpion (D:4)
  A water moccasin skeleton (D:3)
  7 wights
  14 killer bees (Lair:1)
  3 howler monkeys (D:9)
  2 electric eels (Lair:4)
  A spectral centaur (D:8)
  A hound (D:4)
  3 centaur zombies
  A jelly (D:4)
  14 orc priests
  3 centaur skeletons
  An iguana (D:5)
  21 orc wizards
  5 hell rats (Lair:4)
  A killer bee zombie (D:6)
  2 mummies (D:10)
  3 gnolls (D:11)
  A howler monkey skeleton (D:8)
  9 adders
  An ufetubus (D:6)
  3 worms
  2 dart slugs
  47 orcs
  6 ball pythons
  2 bats
  7 endoplasms
  4 giant cockroaches
  12 goblins
  6 hobgoblins
  4 jackals (D:1)
  16 kobolds
  6 quokkas
  3 frilled lizards
  8 rats
733 creatures vanquished.

Vanquished Creatures (others)
  A vault guard (D:14)
  A hydra (Lair:5)
  A sixfirhy (Lair:6)
  A rime drake (Lair:6)
  An unseen horror (D:13)
  A demonic crawler (Spider:1)
  A jumping spider (Spider:1)
  2 slime creatures
  A wyvern (Lair:2)
  A basilisk (Lair:6)
  An ogre (Orc:2)
  A wolf (IceCv)
  A bullfrog (Lair:4)
  2 orc wizards
  A hell rat (Lair:4)
  An orc (D:9)
  50 fungi
  85 plants
  A withered plant (D:10)
154 creatures vanquished.

Grand Total: 887 creatures vanquished

Notes
Turn   | Place    | Note
-------+----------+-------------------------------------------
     0 | D:1      | grindst0ne the Palentonga Fighter began the quest for the
                  | Orb.
     0 | D:1      | Reached XP level 1. HP: 19/19 MP: 1/1
   179 | D:1      | Reached XP level 2. HP: 25/25 MP: 2/2
   487 | D:1      | Found a faded altar of an unknown god.
   614 | D:1      | Reached XP level 3. HP: 31/31 MP: 3/3
  1641 | D:3      | Reached XP level 4. HP: 27/39 MP: 4/4
  2014 | D:3      | Reached XP level 5. HP: 25/44 MP: 5/5
  2761 | D:4      | Found a glowing golden altar of the Shining One.
  3015 | D:4      | Reached XP level 6. HP: 49/52 MP: 6/6
  3038 | D:4      | Found a radiant altar of Vehumet.
  3123 | D:4      | Reached skill level 5 in Fighting
  3128 | D:4      | Found a shadowy altar of Dithmenos.
  3224 | D:4      | Found a sacrificial altar of Ru.
  3224 | D:4      | Found a glowing silver altar of Zin.
  3227 | D:4      | Became a worshipper of Ru the Awakened
  3616 | D:5      | Entered Level 5 of the Dungeon
  3646 | D:5      | Gained mutation: You curl defensively after being hit.
                  | [Palentonga growth]
  3646 | D:5      | Reached XP level 7. HP: 18/59 MP: 7/7
  3922 | D:5      | Noticed a troll
  3925 | D:5      | Killed a troll
  3926 | D:5      | Reached skill level 5 in Axes
  4325 | D:5      | Found an iron altar of Okawaru.
  4796 | D:6      | Reached skill level 5 in Shields
  4859 | D:6      | Reached XP level 8. HP: 63/68 MP: 8/8
  5102 | D:6      | Gained mutation: You cannot study or use magical devices.
                  | [Ru sacrifice]
  5102 | D:6      | Reached * piety under Ru
  5102 | D:6      | Reached ** piety under Ru
  5573 | D:6      | Found a burning altar of Makhleb.
  5838 | D:7      | Found a staircase to the Ecumenical Temple.
  5901 | D:7      | Identified the +5 chain mail of the Trout {rElec Str+8
                  | Dex+2}
  5973 | D:7      | Identified the +0 pair of gloves of Duck's Teeth {Will-
                  | Str+4 Int+3 SInv}
  6605 | D:7      | Reached XP level 9. HP: 70/77 MP: 9/9
  6926 | D:8      | Found a runed translucent door.
  6926 | D:8      | Noticed a sixfirhy
  6948 | D:8      | Killed a sixfirhy
  7102 | D:8      | Found a white marble altar of Elyvilon.
  7247 | D:8      | Found a sparkling altar of Nemelex Xobeh.
  7601 | D:8      | Found a runed translucent gate.
  7601 | D:8      | Found a runed translucent gate.
  7601 | D:8      | Found a runed translucent gate.
  7602 | D:8      | Noticed Anon1729's ghost (novice OpFi)
  7631 | D:8      | Killed Anon1729's ghost
  7632 | D:8      | Reached XP level 10. HP: 68/88 MP: 10/10
  7645 | D:8      | Gained mutation: Your magical capacity is low. (-10% MP)
                  | [Ru sacrifice]
  7645 | D:8      | Reached *** piety under Ru
  8554 | D:9      | Found a broken altar of Ashenzari.
  8554 | D:9      | Found a basalt altar of Yredelemnul.
  8555 | D:9      | Found a shimmering blue altar of Sif Muna.
  8679 | D:9      | You fall into a shaft and drop 2 floors!
  8719 | D:11     | Identified the +1 scale mail of the Accordion {Contam
                  | Str+4}
  8888 | D:10     | Entered Level 10 of the Dungeon
  9115 | D:10     | Reached skill level 10 in Fighting
  9155 | D:10     | Found a staircase to the Lair.
  9704 | D:10     | Reached skill level 10 in Axes
  9865 | D:10     | Found a blossoming altar of Fedhas.
  9906 | D:10     | Found a staircase to the Orcish Mines.
 10139 | D:10     | Gained mutation: You are dopey. (Int -2) [Ru sacrifice]
 10388 | D:11     | Noticed a four-headed hydra
 10432 | D:11     | Killed a four-headed hydra
 10433 | D:11     | Reached XP level 11. HP: 59/97 MP: 9/9
 11007 | D:11     | Noticed a two-headed ogre
 11019 | D:11     | Killed a two-headed ogre
 11494 | D:12     | Noticed a two-headed ogre
 11502 | D:12     | Killed a two-headed ogre
 11796 | D:12     | Noticed a boulder beetle
 11834 | D:12     | Killed a boulder beetle
 11835 | D:12     | Reached XP level 12. HP: 38/107 MP: 10/10
 12137 | Lair:1   | Entered Level 1 of the Lair of Beasts
 12187 | Lair:1   | Reached skill level 10 in Shields
 12362 | Lair:1   | Gained mutation: You are frail. (-10% HP) [Ru sacrifice]
 12362 | Lair:1   | Reached **** piety under Ru
 12362 | Lair:1   | Reached ***** piety under Ru
 12670 | Lair:1   | Reached skill level 1 in Dodging
 13156 | Lair:2   | Noticed Fannar
 13170 | Lair:2   | Killed Fannar
 13283 | Lair:2   | Noticed a six-headed hydra
 13310 | Lair:2   | Killed a six-headed hydra
 13410 | Lair:2   | Noticed a four-headed hydra
 13433 | Lair:2   | Noticed Harold
 13437 | Lair:2   | Killed a four-headed hydra
 13527 | Lair:2   | Killed Harold
 13569 | Lair:2   | Identified the +1 robe "Pekkal" {Slay+3}
 13658 | Lair:2   | You fall into a shaft and drop 1 floor!
 14110 | Lair:3   | Noticed an eight-headed hydra
 14147 | Lair:2   | Killed an eight-headed hydra
 14229 | Lair:3   | Reached XP level 13. HP: 45/105 MP: 11/11
 14305 | Lair:3   | Gained mutation: You are somewhat unskilled. (-1 Apt) [Ru
                  | sacrifice]
 14305 | Lair:3   | Reached ****** piety under Ru
 14454 | Lair:3   | Found a staircase to the Shoals.
 14454 | Lair:3   | Noticed Nergalle
 14471 | Lair:3   | Killed Nergalle
 14751 | Lair:3   | Learned a level 2 spell: Blink
 15337 | Lair:4   | Reached skill level 5 in Armour
 15709 | Lair:4   | Found a hole to the Spider Nest.
 16072 | Lair:5   | Noticed Urug
 16085 | Lair:5   | Killed Urug
 16141 | Lair:5   | Reached skill level 5 in Dodging
 16176 | Lair:5   | Identified the +5 halberd of the Harvest {spect, +Blink
                  | rPois rC+}
 16416 | Lair:5   | Found a staircase to the Slime Pits.
 17161 | Lair:6   | Entered Level 6 of the Lair of Beasts
 17189 | Lair:6   | Reached XP level 14. HP: 94/112 MP: 12/12
 17584 | Lair:6   | Noticed Kirke
 17606 | Lair:6   | Killed Kirke
 18344 | Lair:6   | Found a burning altar of Makhleb.
 18421 | Lair:6   | Found a gateway to Hell.
 18972 | D:13     | You fall into a shaft and drop 1 floor!
 19232 | D:14     | Found a gate to the Vaults.
 19683 | D:14     | Reached XP level 15. HP: 20/109 MP: 4/13
 20027 | D:13     | Noticed Josephine
 20032 | D:13     | Killed Josephine
 20449 | D:15     | Entered Level 15 of the Dungeon
 20459 | D:15     | Identified a scroll of acquirement
 20474 | D:15     | Found a frozen archway.
 20495 | IceCv    | Entered an ice cave
 21025 | D:15     | Found a staircase to the Depths.
 21193 | D:15     | Found a bloodstained altar of Trog.
 21749 | Orc:1    | Entered Level 1 of the Orcish Mines
 22242 | Orc:2    | Entered Level 2 of the Orcish Mines
 22242 | Orc:2    | Found Sutzefomp's Antique Armour Emporium.
 22387 | Orc:2    | Bought an embroidered scarf for 240 gold pieces
 22458 | Orc:2    | Found Rossir's Assorted Antiques.
 22462 | Orc:2    | Found Baciatub's General Store.
 22496 | Orc:2    | Noticed an orc warlord
 22564 | Orc:2    | Killed an orc warlord
 22588 | Orc:2    | Bought a scroll of enchant armour for 232 gold pieces
 22588 | Orc:2    | Bought a scroll of blinking for 232 gold pieces
 22588 | Orc:2    | Bought a scroll of identify for 62 gold pieces
 22588 | Orc:2    | Bought a scroll of identify for 62 gold pieces
 22588 | Orc:2    | Bought a scroll of blinking for 232 gold pieces
 22595 | Orc:2    | Bought a potion of curing for 54 gold pieces
 22595 | Orc:2    | Bought a scroll of fear for 63 gold pieces
 22595 | Orc:2    | Bought a scroll of magic mapping for 63 gold pieces
 22605 | Orc:2    | Found Usmiepuc's Antique Weapon Shoppe.
 22780 | Orc:2    | Found Zymipoif's Jewellery Boutique.
 22803 | Orc:2    | Bought the ring "Mouh" {Fly rElec Int+3 Dex+2} for 630 gold
                  | pieces
 22803 | Orc:2    | Bought the amulet of the Four Winds {rN+ Will+++ Clar} for
                  | 658 gold pieces
 22803 | Orc:2    | Found the amulet of the Four Winds {rN+ Will+++ Clar}
 22954 | Orc:2    | Found a staircase to the Elven Halls.
 23011 | Orc:2    | Reached XP level 16. HP: 53/112 MP: 9/14
 23558 | Orc:2    | Acquired a manual of Dodging
 23707 | Spider:1 | Entered Level 1 of the Spider Nest
 24899 | Spider:1 | Reached skill level 15 in Fighting
 25433 | Spider:2 | Reached skill level 10 in Dodging
 25755 | Spider:2 | Reached skill level 15 in Axes
 26271 | Spider:1 | Succumbed to a redback's poison

Illustrated notes

Levels and vault maps discovered:
D:1:      sevenhm_arrival_forest_fort_large_4, layout_rooms,
          shapermc_ecumenical_altar_flowoftime
D:2:      layout_loops_ring
D:3:      layout_basic, ebering_dispersal_statue_hall, serial_bayou_lagoon_a,
          minmay_misc_feat_rugged
D:4:      layout_basic, tso_oasis_becter, gammafunk_temple_overflow_elements,
          overflow_temple_1_default, grunt_dithmenos_smoke_and_mirrors
D:5:      layout_basic, kennysheep_little_box
D:6:      layout_loops_corners, lemuel_coloured_pillars_altar,
          minmay_misc_feat_diagonals, corexii_checkpoint_b
D:7:      layout_loops_cross, minmay_temple_entry_drinking_statues,
          amcnicky_mini_pool_small, nrook_mini_vaults
D:8:      cheibrodos_shockbox, layout_loops_ring,
          nemelex_xobeh_ov_fountains_minmay, old_standard_altar,
          gammafunk_ghost_necromancy, minmay_crossroads
D:9:      layout_basic, gammafunk_temple_overflow_claw
D:10:     layout_loops_corners, lemuel_doored_altar, lair_entry_dummy,
          orc_0_dummy, serial_undead, serial_undead_a, serial_undead_b,
          serial_undead_c, serial_undead_a
D:11:     layout_gridville, chequers_serial_rivers_micro_b,
          minmay_quadrilaterals
D:12:     layout_irregular_city, kennysheep_generic_room_7
D:13:     layout_rooms, uniq_josephine
D:14:     layout_basic, lightli_vaults_fourway_checkpoint, amethyst_killhole
D:15:     grunt_enter_depths_hoard, layout_rooms, trog_three_pillars_becter,
          portal_ice_cave_entry_pillars_2
Lair:1:   layout_concentric_octagons, special_room [special_room_bee],
          infiniplex_staircase_pool_2, grunt_megastairs_5
Lair:2:   layout_misc_corridors, uniq_harold, uniq_fannar
Lair:3:   layout_chaotic_city, minmay_shoals_entry_centaurs, uniq_nergalle
Lair:4:   beast_lair_carwin_large_3, layout_gridlike,
          spider_nest_entry_funnel_web, nicolae_quartered_pool_little,
          serial_bayou_shore_a
Lair:5:   layout_cave_pods, slime_dummy, minivault_19,
          kennysheep_basilisk_garden, uniq_urug
Lair:6:   evil_forest, layout_gridlike, uniq_kirke
Spider:1: layout_spider_delve, drop_trap
Spider:2: nicolae_spider_mines_1, nicolae_spider_cling_halls, uniq_azrael
Orc:1:    layout_diamond_mine
Orc:2:    grunt_orc_gardens, layout_caves, grunt_orc_garden, grunt_orc_garden,
          grunt_orc_garden, grunt_orc_garden, serial_shops, shop, mines4_lemuel

Skill      XL: |  1  2  3  4  5  6  7  8  9 10 11 12 13 14 15 16 |
---------------+-------------------------------------------------+-----
Shields        | 3 4 5 6 7 8 9 10 9 |  9.8
Axes           | 3 4 5 7 8 10 11 12 12 13 14 15 | 15.0
Fighting       | 4 5 6 7 9 10 11 12 12 13 14 15 | 15.1
Dodging        | 3 5 7 9 10 | 10.1
Armour         | 4 5 |  5.0

Action                   |  1- 3 |  4- 6 |  7- 9 | 10-12 | 13-15 | 16-18 || total
-------------------------+-------+-------+-------+-------+-------+-------++-------
Melee: War axe           |   124 |   111 |   211 |   538 |   257 |       ||  1241
       Tailslap          |     9 |    11 |    29 |   127 |   199 |    19 ||   394
       Flail             |       |       |       |    29 |    45 |       ||    74
       Halberd           |       |       |       |       |   644 |   113 ||   757
       Unarmed           |       |       |       |       |    13 |       ||    13
       Scimitar          |       |       |       |       |     5 |       ||     5
Throw: Dart              |       |       |       |     3 |     6 |       ||     9
       Throwing net      |       |       |       |       |     6 |       ||     6
Invok: Sacrifice Artific |       |       |     1 |       |       |       ||     1
       Sacrifice Purity  |       |       |       |     1 |       |       ||     1
       Sacrifice Essence |       |       |       |     1 |       |       ||     1
       Draw Out Power    |       |       |       |     1 |       |       ||     1
       Apocalypse        |       |       |       |     3 |     9 |     2 ||    14
       Sacrifice Health  |       |       |       |     1 |       |       ||     1
       Sacrifice Skill   |       |       |       |       |     1 |       ||     1
 Abil: Rolling Charge    |       |     1 |     3 |     1 |       |       ||     5
Evoke: Wand              |       |       |     6 |       |       |       ||     6
  Use: Potion            |       |     2 |       |     1 |     3 |     1 ||     7
       Scroll            |       |       |     6 |     7 |    10 |     3 ||    26
 Stab: Invisible         |       |       |     2 |     9 |    11 |     1 ||    23
       Distracted        |       |       |     1 |     2 |     9 |     2 ||    14
       Paralysed         |       |       |       |     1 |    37 |       ||    38
       Held in net/web   |       |       |       |       |     2 |       ||     2
       Petrified         |       |       |       |       |     1 |       ||     1
       Confused          |       |       |       |       |       |     1 ||     1
Armor: Scale mail        |    63 |    52 |     3 |       |       |       ||   118
       Troll leather arm |       |       |    32 |       |       |       ||    32
       Skin              |       |       |     1 |       |       |       ||     1
       Chain mail        |       |       |    50 |   287 |   528 |   113 ||   978
Dodge: Dodged            |    30 |    34 |    53 |   146 |   383 |    93 ||   739
Block: Kite shield       |    67 |    57 |   105 |   349 |   153 |       ||   731

Table legend: (Time is in decaauts)
 A = Elapsed time spent in this place.
 B = Non-inter-level travel time spent in this place.
 C = Inter-level travel time spent in this place.
 D = Time resting spent in this place.
 E = Time spent auto-exploring this place.
 F = Levels seen in this place.
 G = Mean time per level.
                   A        B        C        D        E       F      G
               +--------+--------+--------+--------+--------+-----+--------+
         Total |  26549 |  25221 |   1328 |   1962 |  17502 |  26 | 1021.1 |
       Dungeon |  14832 |  14087 |    745 |    502 |  10720 |  15 |  988.8 |
          Lair |   6903 |   6488 |    415 |    428 |   4328 |   6 | 1150.5 |
   Spider Nest |   2472 |   2406 |     66 |    829 |   1316 |   2 | 1236.0 |
  Orcish Mines |   1835 |   1733 |    102 |    147 |   1138 |   2 |  917.5 |
      Ice Cave |    506 |    506 |      0 |     56 |      0 |   1 |  506.0 |
               +--------+--------+--------+--------+--------+-----+--------+

Top non-repeatable levels by time:
Spider:1: 2022 daAuts
  Lair:6: 1588 daAuts
     D:8: 1254 daAuts
  Lair:4: 1252 daAuts
   Orc:2: 1201 daAuts
     D:3: 1159 daAuts
     D:5: 1145 daAuts
    D:10: 1141 daAuts
  Lair:5: 1129 daAuts
    D:11: 1096 daAuts
     D:7: 1073 daAuts
  Lair:1: 1061 daAuts
     D:6: 1039 daAuts
     D:9: 1021 daAuts
    D:14: 991 daAuts
